 Dungeon Crawl Stone Soup version 0.21.0-24-g2553a33 (webtiles) character file.

11 Monsterracer the Ducker (level 2, -9/18 HPs)
             Began as a Deep Elf Monk on Jan 20, 2018.
             Mangled by a goblin
             ... wielding a +1 dagger of electrocution
              (14 damage)
             ... on level 1 of the Dungeon.
             The game lasted 00:00:29 (435 turns).

Monsterracer the Ducker (Deep Elf Monk)              Turns: 435, Time: 00:00:29

Health: -9/18      AC:  2    Str:  8    XL:     2   Next: 13%
Magic:  4/4        EV: 14    Int: 14    God:
Gold:   14         SH:  0    Dex: 17    Spells: 1/1 levels left

rFire    . . .     SeeInvis .   a - +0 falchion
rCold    . . .     Gourm    .   (no shield)
rNeg     . . .     Faith    .   b - +0 robe
rPois    .         Spirit   .   (no helmet)
rElec    .         Reflect  .   (no cloak)
rCorr    .         Harm     .   (no gloves)
MR       .....                  (no boots)
Stlth    ++........             (no amulet)
HPRegen  0.06/turn              (no ring)
MPRegen  0.09/turn              (no ring)

@: no status effects
A: no striking features
a: no special abilities


You were on level 1 of the Dungeon.
You were not hungry.

You visited 1 branch of the dungeon, and saw 1 of its levels.

You collected 14 gold pieces.

Inventory:

Hand Weapons
 a - a +0 falchion (weapon)
Armour
 b - a +0 robe (worn)
Scrolls
 d - a scroll of fear {unknown}
Comestibles
 c - a ration


   Skills:
 - Level 2.4 Fighting
 + Level 3.3 Long Blades
 - Level 3.6 Dodging
 - Level 2.4 Stealth


You had one spell level left.
You didn't know any spells.

Dungeon Overview and Level Annotations

Branches:
Dungeon (1/15)

Altars:


Message History

You take 3 damage, and have 7/13 hp.
MASSIVE DAMAGE!!
An ooze is nearby!
You are too injured to fight recklessly!
An ooze is nearby!
You are too injured to fight recklessly!
You see here a bat corpse.
The ooze barely misses you.
You see here a frilled lizard corpse.
You hit the ooze but do no damage.
The ooze is severely wounded.
The ooze jiggles.
The ooze closely misses you.
You riposte.
You hit the ooze but do no damage.
The ooze is severely wounded.
You hit the ooze.
The ooze is almost dead.
The ooze barely misses you.
You hit the ooze.
You kill the ooze!
Your Long Blades skill increases to level 3!
Key pressed, stopping explore.
You see here a bat corpse.
d - a scroll labeled VIOKHI RYGOBRE Health restored: 13 No target in view!
A hobgoblin comes into view. It is wielding a club.
A hobgoblin is nearby!
A hobgoblin is nearby!
The helpless hobgoblin fails to defend itself.
You hit the hobgoblin.
The hobgoblin is moderately wounded.
The hobgoblin hits you with a club.
You take 5 damage, and have 8/13 hp.
MASSIVE DAMAGE!!
You hit the hobgoblin.
You kill the hobgoblin!
You have reached level 2!
You regained 4 hp, and now have 12/18 hp.
MP restored: 4 You see here a club.
Found 10 stones.
You now have 14 gold pieces.
A bat comes into view.
The bat closely misses you.
Health restored: 18 You hit the bat but do no damage.
The bat hits you but does no damage. The bat misses you.
A bat is nearby!
You hit the bat but do no damage. The bat hits you but does no damage.
The bat hits you.
You take 1 damage, and have 17/18 hp.
A bat is nearby!
The bat closely misses you.
A bat is nearby!
The bat hits you.
You completely miss the bat. The bat barely misses you.
You riposte.
You barely miss the bat. The bat barely misses you.
You riposte.
You hit the bat.
You kill the bat!
A kobold comes into view.
It is wielding a short sword of protection.
Health restored: 18 A kobold is nearby!
A bat comes into view.
There are monsters nearby!
A goblin comes into view.
It is wielding a dagger of electrocution.
The goblin shouts!
A goblin comes into view.
You hit the kobold but do no damage. The kobold closely misses you.
You hit the kobold.
The kobold is severely wounded.
The kobold hits you with a short sword of protection.
The kobold closely misses you.
You take 3 damage, and have 15/18 hp.
You closely miss the kobold.
The kobold is severely wounded.
The kobold hits you with a short sword of protection.
You take 3 damage, and have 12/18 hp.
You are too injured to fight recklessly!
You are too injured to fight recklessly!
You hit the kobold but do no damage.
The kobold is severely wounded.
The kobold closely misses you.
You barely miss the kobold.
The kobold is severely wounded.
The kobold hits you with a short sword of protection.
* * * LOW HITPOINT WARNING * * *
You take 5 damage, and have 8/18 hp.
MASSIVE DAMAGE!!
You hit the kobold.
You kill the kobold!
The bat hits you.
* * * LOW HITPOINT WARNING * * *
The bat misses you.
You take 1 damage, and have 7/18 hp.
You hit the bat.
You kill the bat!
You hit the goblin.
The goblin is severely wounded.
The goblin hits you with a dagger of electrocution.
* * * LOW HITPOINT WARNING * * *
You are electrocuted!
Ouch! That really hurt!
You die...

...........# ... ..#
#.######## #.......#...
..# #####.#######
#......>#.. ###
#..........# ###...###
#.######.#.# #.# #.#.#
#.# #.#.##
###.######.....
##########............(.
.....gg@.....########.##
.#########.### #.# #.#
#.. #.# ##.# #.# .# #.#
.# .#. #


You could see 2 goblins.

Vanquished Creatures
  An ooze (D:1)
  A hobgoblin (D:1)
  3 bats (D:1)
  2 frilled lizards (D:1)
  A kobold (D:1)
8 creatures vanquished.

Notes
Turn   | Place    | Note
-------+----------+-------------------------------------------
     0 | D:1      | Monsterracer the Deep Elf Monk began the quest for the Orb.
     0 | D:1      | Reached XP level 1. HP: 13/13 MP: 3/3
   268 | D:1      | Reached XP level 2. HP: 12/18 MP: 4/4
   432 | D:1      | HP: 8/18 [kobold/short sword of protection (5)]
   435 | D:1      | Mangled by a goblin

Skill      XL: |  1 |
---------------+----+-----
Long Blades    | 3 |  3.3
Fighting       | |  2.4
Dodging        | |  3.6
Stealth        | |  2.4

Action                   || total
-------------------------++-------
Melee: Falchion          ||    23
 Stab: Sleeping          ||     2
Armor: Robe              ||     3
Dodge: Dodged            ||    16
       Rpst.: Falchion   ||     5

Vault maps used:
D:1:      minmay_arrival_open_corners, minivault_24
